[Event "FRA-ch Teams Top 16-B 2022"]
[Site "Chartres"]
[Date "2022.06.11"]
[Round "3.2"]
[White "Moussard, Jules"]
[Black "Favarel, Julien"]
[Result "1-0"]
[ECO "C13"]
[WhiteElo "2651"]
[BlackElo "2312"]
[Annotator "TA"]
[PlyCount "61"]
[EventDate "2022.06.09"]
[EventType "team-tourn"]
[EventCountry "FRA"]
[SourceTitle "playchess.com"]
[Source "ChessBase"]
[SourceQuality "1"]
[TimeControl "40/5400+30:1800+30"]

1. e4 e6 2. d4 d5 3. Nc3 Nf6 4. Bg5 dxe4 5. Nxe4 Be7 6. Nxf6+ Bxf6 7. Bxf6 Qxf6 8. Nf3 c5 9. Bb5+ $1 {[%emt 0:09:05][%mdl 4] is recently more successful than 9.c3. C13: French: Classical System: 4 Bg5 Be7, Alekhine-Chatard Attack.} (9. dxc5 Qxb2 10. Rb1 Qc3+ 11. Qd2 Qxc5 $11) 9... Bd7 10. Qe2 O-O 11. O-O-O {[%emt 0:03:14] The position is equal.} cxd4 12. Bxd7 Nxd7 13. Rxd4 Nb6 {[%emt 0:15:01] [#]} 14. Qe4 $146 ({Predecessor:} 14. Rhd1 Rfc8 15. Ne5 Nd5 16. g3 Rc7 17. Kb1 h6 18. c4 Qf5+ 19. Qe4 Qxe4+ 20. Rxe4 {½-½ (35) Nikac,P (2361)-Kosic,D (2488) Cetinje 2009}) 14... Rfc8 15. Kb1 Nd5 16. h4 (16. c4 $5 Nc7 17. Rhd1 $14 (17. Qxb7 Nd5 $11)) 16... b5 17. Ng5 g6 18. Nf3 Rc7 19. Rhd1 Rac8 20. R1d2 a5 21. Ne5 b4 22. g3 a4 23. Ng4 Qg7 24. Ne3 b3 ({Black should try} 24... Qf6 $1 $11) 25. c4 {[%emt 0:05:11] [#]} (25. axb3 $14 axb3 26. cxb3 (26. c4 Qf6 $15)) 25... bxa2+ $2 {[%emt 0:01:42][%mdl 8192] [#] This move loses the game for Black.} (25... Qf6 $1 $11 {and Black has nothing to worry.}) 26. Ka1 $1 $18 ({Inferior is} 26. Kxa2 Nb4+ 27. Kb1 Nc6 $11) 26... a3 {[%emt 0:00:57] aiming for ...axb2+.} 27. cxd5 Rc1+ 28. Kxa2 axb2 29. Kxb2 exd5 (29... R1c5) 30. Nxd5 Kh8 {[%emt 0:00:18] [#]} 31. Nc3 $1 {[%emt 0:01:18][%mdl 512] Weighted Error Value: White=0.13 (very precise) /Black=0.54} 1-0

[Event "FRA-ch Teams Top 16-B 2022"]
[Site "Chartres"]
[Date "2022.06.11"]
[Round "3.3"]
[White "Fantinel, Thibault"]
[Black "Gozzoli, Yannick"]
[Result "1/2-1/2"]
[ECO "B22"]
[WhiteElo "2388"]
[BlackElo "2591"]
[Annotator "TA"]
[PlyCount "60"]
[EventDate "2022.06.09"]
[EventType "team-tourn"]
[EventCountry "FRA"]
[SourceTitle "playchess.com"]
[Source "ChessBase"]
[SourceQuality "1"]
[TimeControl "40/5400+30:1800+30"]

1. e4 c5 2. Nf3 e6 3. c3 d5 4. exd5 Qxd5 5. d4 Nf6 6. Na3 Be7 7. Nb5 Na6 8. Be2 O-O 9. O-O cxd4 10. Qxd4 Bd7 {[%emt 0:06:08] [#] B22: Sicilian: 2 c3.} 11. Rd1 $1 Bxb5 12. Qxd5 {[%emt 0:00:18][%mdl 64] Remove Defender} Nxd5 {[%emt 0:00:05] The position is equal.} 13. Bxb5 Nc5 14. Bc4 Nb6 15. Be2 {[%emt 0:00:18] [#]} Rfd8 $146 ({Predecessor:} 15... Rac8 16. g3 Rfd8 17. Be3 f6 18. Kg2 Kf7 19. Rac1 Nd5 20. Bxc5 Bxc5 21. Rd3 Ke7 {½-½ (21) Valori,N (2415)-BuShamsa (2417) Playchess.com INT 2006}) 16. Be3 Nd5 17. Bd4 Rac8 18. g3 a6 19. Ne1 Na4 20. Rab1 b5 21. Nc2 Bf6 22. Bf3 a5 {[%emt 0:05:23] [#]} (22... Kf8 $11) 23. Bxf6 $1 $16 {[%emt 0:03:07] White is better.} gxf6 24. Bxd5 Rxd5 25. Rxd5 exd5 {[%emt 0:00:04] KRN-KRN} 26. a3 {[%emt 0:01:45] Inhibits b4.} Kf8 27. Kf1 Rb8 28. Ke2 Ke7 29. Kd2 Kd6 30. b3 Nc5 {[%emt 0:00:24] Weighted Error Value: White=0.04 (flawless) /Black=0.13 (very precise)} 1/2-1/2

[Event "FRA-ch Teams Top 16-B 2022"]
[Site "Chartres"]
[Date "2022.06.11"]
[Round "3.4"]
[White "Movsesian, Sergei"]
[Black "Boukhris-Ferre, Yacine"]
[Result "1-0"]
[ECO "C63"]
[WhiteElo "2600"]
[BlackElo "2183"]
[Annotator "TA"]
[PlyCount "129"]
[EventDate "2022.06.09"]
[EventType "team-tourn"]
[EventCountry "FRA"]
[SourceTitle "playchess.com"]
[Source "ChessBase"]
[SourceQuality "1"]
[TimeControl "40/5400+30:1800+30"]

1. e4 e5 2. Nf3 Nc6 3. Bb5 f5 4. d3 fxe4 5. dxe4 Nf6 6. O-O Bc5 7. Qd3 Nd4 {[%emt 0:04:04] C63: Ruy Lopez: Schliemann/Jaenisch Defence.} 8. Nxd4 Bxd4 9. Bc4 d6 {[%emt 0:01:36] White is slightly better.} 10. c3 Bb6 11. a4 {[%emt 0:00:18][%cal Ba2a4,Ba4a5][%mdl 32] Threatening a5.} a6 12. a5 Ba7 13. Be3 Bxe3 14. Qxe3 Qe7 {[%emt 0:00:56] [#]} 15. Ra4 $146 ({Predecessor:} 15. Nd2 Be6 16. Qe2 O-O 17. f3 Kh8 18. Bxe6 Qxe6 19. Qc4 Qe7 20. Rfe1 Nh5 21. b4 {½-½ (32) Kasimdzhanov,R (2700)-Salem,A (2581) Dubai 2014}) 15... Be6 16. Bxe6 Qxe6 17. Rb4 Rb8 18. Qa7 Qc8 19. Nd2 O-O 20. Qe3 Nh5 21. f3 Rf6 22. Rf2 Nf4 23. Nf1 Qe6 24. Rd2 h5 25. Qa7 Qc8 26. Ne3 Rf7 {[%emt 0:02:30] [#] Threatens to win with ...Rd7.} 27. Nf5 Kh7 28. Qf2 Qd8 29. Kh1 g6 30. Ne3 Qf6 31. h3 Qg5 32. Kh2 Ne6 33. Nd5 Nf4 34. Ne3 Ne6 35. Rd1 Qf4+ 36. Kh1 Nc5 37. Nd5 Qg5 38. Rc4 Rbf8 39. h4 Qd8 40. Kg1 {[%emt 0:00:25] [#]} (40. Qg3 $1 $11) 40... Ne6 (40... Nb3 $1 $17) 41. Rb4 $11 Nc5 42. Qg3 {[%emt 0:00:17] Inhibits g5.} Rg8 43. Kf1 g5 44. hxg5 Rxg5 45. Qh3 h4 46. Qxh4+ Kg6 47. Qf2 Qh8 ({Better is} 47... Rh5 $14) 48. Ne3 {[%emt 0:05:37] Black is on the road to losing.} Ne6 (48... Rh7 $142) 49. Ke2 ({Don't do} 49. Rxb7 Nf4 $16) 49... Nf4+ 50. Kd2 Qh2 (50... Rh7 $142) 51. Rxb7 $18 {[%emt 0:01:59] aiming for Kc1.} Nh3 $2 (51... Nxg2 {is a better defense.} 52. Nf5 Ne1 53. Qxh2 Nxf3+ 54. Kc1 Nxh2) 52. Qf1 Nf4 53. Qh1 Qxh1 (53... Qg3 {keeps fighting.}) 54. Rxh1 Nxg2 55. Nf5 Kf6 56. Rh6+ Rg6 57. Rxg6+ Kxg6 {[%emt 0:00:01][%mdl 4096] Endgame KRN-KRN} 58. b4 {[%emt 0:00:29][%cal Bb2b4,Bb4b5][%mdl 32] White is clearly winning.} d5 59. b5 dxe4 60. fxe4 {[%emt 0:00:24] Strongly threatening b6.} Rd7+ 61. Kc1 axb5 62. a6 Rd8 63. a7 {[%emt 0:00:16] Black must now prevent Rb8.} Ra8 64. Ne7+ Kf7 65. Nd5 {[%emt 0:00:13] Weighted Error Value: White=0.12 (very precise) /Black=0.25 (precise)} 1-0

[Event "FRA-ch Teams Top 16-B 2022"]
[Site "Chartres"]
[Date "2022.06.11"]
[Round "3.5"]
[White "Domenech, Vianney"]
[Black "Degraeve, Jean-Marc"]
[Result "0-1"]
[ECO "D00"]
[WhiteElo "2266"]
[BlackElo "2520"]
[Annotator "TA"]
[PlyCount "100"]
[EventDate "2022.06.09"]
[EventType "team-tourn"]
[EventCountry "FRA"]
[SourceTitle "playchess.com"]
[Source "ChessBase"]
[SourceQuality "1"]
[TimeControl "40/5400+30:1800+30"]

1. d4 Nf6 2. Bf4 d5 3. e3 e6 4. Nd2 Bd6 5. Bg3 O-O 6. Bd3 {[%emt 0:01:13] D00: 1 d4 d5: Unusual lines.} c5 7. c3 Qc7 $1 {[%emt 0:02:45][%mdl 4] is more profitable than 7...Nc6 at the moment.} 8. dxc5 {[%emt 0:14:34] The position is equal.} Qxc5 9. Ngf3 Nbd7 10. c4 dxc4 11. Nxc4 Bxg3 12. hxg3 {[%emt 0:00:06] [#]} Rd8 $146 ({Predecessor:} 12... Qb4+ 13. Qd2 Qxd2+ 14. Nfxd2 Nc5 15. Bc2 Rd8 16. O-O-O Bd7 17. e4 h6 18. Rh4 Bc6 {½-½ (44) Grigoryan,K (2532)-Zhou,J (2608) Dulles 2019}) 13. Rc1 Qe7 14. Qc2 h6 15. Rh4 b6 16. Nce5 {[%emt 0:10:58] aiming for Nc6.} Bb7 17. Nxd7 Rxd7 18. Rc4 (18. Ne5 {is more complex.} Rd5 19. Qc7 Re8 20. Ke2) 18... Bd5 19. Rc8+ Rxc8 20. Qxc8+ Rd8 21. Qc3 Ne4 22. Bxe4 (22. Qc7 $5 Kf8 23. Bxe4 (23. Qxe7+ Kxe7 24. Rc7+ Rd7 $15) 23... Bxe4 24. a3 $11) 22... Bxe4 23. Kf1 {[%emt 0:00:48] [#]} (23. a3 $15) 23... Qb7 $1 $17 24. Qc7 {[%emt 0:01:30] [#]} (24. Ne1 $17) 24... Rd1+ $3 $19 25. Ke2 Rxc1 26. Qxc1 $17 {[%emt 0:00:05][%mdl 4096] Endgame KQB-KQN} Qa6+ 27. Ke1 Qxa2 28. Nd2 Bd3 29. f3 Qd5 30. Kf2 Ba6 {[%emt 0:02:41] Black is more active.} 31. g4 Qd3 32. Ne4 Bb7 33. Ng3 a5 34. Ne2 Ba6 35. Nf4 Qc4 36. Qd2 Qc7 {[%emt 0:00:53] Against Qd8+} 37. Nh5 f6 38. Nf4 Bc8 39. Qd3 e5 (39... Bd7 $17 40. Kg1 a4) 40. Nd5 (40. Qb3+ $15 Qf7 41. Nd5) 40... Qd6 41. Qg6 {[%emt 0:19:55] [#]} Bd7 $1 $19 ({Not} 41... Qxd5 42. Qe8+ Kh7 43. Qxc8 $17) 42. e4 {[%emt 0:02:25] This costs White the game.} (42. Qd3 $17) 42... Bc6 43. g5 $2 (43. Qf5 {was necessary.}) 43... hxg5 44. Kg3 Bxd5 45. exd5 {[%emt 0:00:01] KQ-KQ} Kf8 {[%emt 0:00:56] Inhibits Qe8+. White must now prevent ...e4+.} 46. Qe4 $2 (46. Qc2 e4+ 47. Kf2 exf3 48. Kxf3) 46... Qb4 47. Qxb4+ axb4 48. Kf2 Ke7 49. Ke3 Kd6 50. Ke4 g6 {[%emt 0:00:06] Weighted Error Value: White=0.41/Black=0.07 (flawless)} 0-1

[Event "FRA-ch Teams Top 16-B 2022"]
[Site "Chartres"]
[Date "2022.06.11"]
[Round "3.6"]
[White "Cornette, Matthieu"]
[Black "Louis, Thibault"]
[Result "1-0"]
[ECO "C41"]
[WhiteElo "2570"]
[BlackElo "2154"]
[Annotator "TA"]
[PlyCount "45"]
[EventDate "2022.06.09"]
[EventType "team-tourn"]
[EventCountry "FRA"]
[SourceTitle "playchess.com"]
[Source "ChessBase"]
[SourceQuality "1"]
[TimeControl "40/5400+30:1800+30"]

1. e4 d6 2. d4 Nf6 3. Nc3 e5 4. Nf3 Nbd7 5. Bc4 Be7 6. a4 O-O 7. O-O a6 {[%emt 0:01:57] C41: Philidor Defence.} 8. a5 exd4 {[%emt 0:01:16] The old main line.} 9. Qxd4 Ng4 {[%emt 0:03:41] White is slightly better.} 10. Nd5 Nde5 11. Nxe5 Nxe5 {[%emt 0:02:15] [#]} 12. Ba2 $146 ({Predecessor:} 12. Bb3 Be6 13. Bf4 Ng6 14. Bg3 Bf6 15. Nxf6+ Qxf6 16. Qxf6 gxf6 17. Ra4 Bxb3 18. cxb3 {0-1 (74) Caruana,F (2709)-Vachier Lagrave,M (2703) Moscow 2010}) 12... Be6 13. f4 c5 14. Qf2 Nc6 15. Bd2 {[%emt 0:00:00] White is more active.} Bxd5 16. Bxd5 Bf6 17. c3 {[%emt 0:00:00] Inhibits Nb4.} Nxa5 {[%emt 0:03:01] [#]} (17... Qd7 $16) 18. g4 $1 $18 {[%emt 0:00:00][%cal Bg2g4,Bg4g5][%mdl 32] Black must now prevent g5.} Kh8 $2 (18... Qb6 {was necessary.} 19. b4 Nc6) 19. g5 Be7 20. Qh4 {[%emt 0:00:00] aiming for f5.} g6 (20... b5 $142 21. Bxa8 Nc4 22. Rxa6 Nxd2) 21. Qh6 (21. f5 $142 {Threatens to win with f6.} Nc6 22. f6) 21... f5 (21... Nc6 22. c4 Rc8) 22. Rf3 {[%emt 0:00:00] [#] White wants to mate with Rh3.} Rg8 23. c4 {[%emt 0:00:00] Weighted Error Value: White=0.17 (very precise) /Black=0.46} 1-0

[Event "FRA-ch Teams Top 16-B 2022"]
[Site "Chartres"]
[Date "2022.06.11"]
[Round "3.7"]
[White "Roubert, Emile"]
[Black "Goldsztejn, Gildas"]
[Result "1/2-1/2"]
[ECO "B60"]
[WhiteElo "2027"]
[BlackElo "2413"]
[Annotator "TA"]
[PlyCount "80"]
[EventDate "2022.06.09"]
[EventType "team-tourn"]
[EventCountry "FRA"]
[SourceTitle "playchess.com"]
[Source "ChessBase"]
[SourceQuality "1"]
[TimeControl "40/5400+30:1800+30"]

1. e4 c5 2. Nf3 Nc6 3. d4 cxd4 4. Nxd4 Nf6 5. Nc3 d6 6. Bg5 e6 7. Qd2 a6 8. f4 Qb6 9. Bxf6 gxf6 10. Nb3 Bd7 11. O-O-O O-O-O {[%emt 0:04:10] B60: Sicilian: Richter-Rauzer: Unusual Black 6th moves and 6...Bd7 without 7 Qd2.} 12. Be2 h5 13. Kb1 Kb8 {[%emt 0:06:38] White is slightly better.} 14. Bf3 Be7 15. h4 Na5 16. Qe2 Nxb3 17. axb3 {[%emt 0:00:55] [#]} Bb5 $146 ({Predecessor:} 17... Qc5 18. f5 Rh7 19. Rhe1 Rdh8 20. Qd2 Bc8 21. Na4 Qc7 {½-½ (21) Forgues,F (2187)-Roser,K (2404) Barcelona 2015}) 18. Nxb5 Qxb5 19. Qxb5 axb5 20. b4 Kc7 21. c3 Rh7 22. Kc2 Rg8 23. Rd2 Rd8 24. Ra1 f5 (24... Bf8 $16 25. g3 Bh6) 25. exf5 $18 Bxh4 26. fxe6 {[%emt 0:00:45] White is more active.} fxe6 27. Re2 Bg3 28. Rxe6 Bxf4 29. Rd1 Rg8 30. Rf6 (30. Rd4 $16 Rf7 31. Kb3 (31. Bxh5 Rxg2+ 32. Kb1 Rh7 $14)) 30... Be5 $14 31. Rf5 h4 32. Bd5 Rgg7 33. Rdf1 Kb6 34. Rf8 h3 {[%emt 0:01:36] The position is equal.} 35. gxh3 Rxh3 36. R1f7 Rhh7 37. Rxg7 Rxg7 38. Be4 Rg4 39. Bd5 Rg7 40. Be4 Rg4 {[%emt 0:00:08] Black defended with fortune.  Weighted Error Value: White=0.08 (flawless) /Black=0.07 (flawless)} 1/2-1/2

[Event "FRA-ch Teams Top 16-B 2022"]
[Site "Chartres"]
[Date "2022.06.11"]
[Round "3.8"]
[White "Guichard, Pauline"]
[Black "Bourgoin, Cecile"]
[Result "1-0"]
[ECO "A50"]
[WhiteElo "2377"]
[BlackElo "1682"]
[Annotator "TA"]
[PlyCount "35"]
[EventDate "2022.06.09"]
[EventType "team-tourn"]
[EventCountry "FRA"]
[SourceTitle "playchess.com"]
[Source "ChessBase"]
[SourceQuality "1"]
[TimeControl "40/5400+30:1800+30"]

1. d4 Nf6 2. c4 b6 3. Nc3 Bb7 4. d5 e6 5. a3 d6 6. g3 {[%emt 0:05:18] A50: Queen's Fianchetto Defence (1 d4 Nf6 2 c4 b6).} Be7 7. Bg2 Nbd7 8. Nf3 {[%emt 0:08:24][%cal Bg1f3,Bf3h4,Bh4f5][%mdl 32] White is slightly better.} O-O 9. O-O e5 10. b4 {[%emt 0:06:40] [#]} Rc8 $146 ({Predecessor:} 10... h6 11. e4 Nh7 12. Be3 f5 13. exf5 Rxf5 14. Ne4 Rf8 15. Nfd2 Qe8 16. Rc1 Qg6 {0-1 (51) Zubov,A (2598)-Artemenko,O (2246) Chess.com INT 2021}) 11. Nb5 {[%emt 0:13:43] White is more active.} Ra8 12. Nh4 a6 13. Nc3 Ng4 14. Nf5 Bg5 15. e4 Bxc1 16. Qxg4 Qg5 {[%emt 0:01:35] [#]} (16... Bg5 $1 $14) 17. Qe2 $1 $18 g6 18. Nh4 {[%emt 0:01:11] Weighted Error Value: White=0.07 (flawless) /Black=0.34} ({Resist} 18. Rfxc1 $6 gxf5 19. Bh3 Nf6 $16) 1-0

[Event "FRA-ch Teams Top 16-B 2022"]
[Site "Chartres"]
[Date "2022.06.11"]
[Round "3.9"]
[White "Neiksans, Arturs"]
[Black "Donchenko, Alexander"]
[Result "0-1"]
[ECO "B51"]
[WhiteElo "2579"]
[BlackElo "2599"]
[Annotator "TA"]
[PlyCount "111"]
[EventDate "2022.06.09"]
[EventType "team-tourn"]
[EventCountry "FRA"]
[SourceTitle "playchess.com"]
[Source "ChessBase"]
[SourceQuality "1"]
[TimeControl "40/5400+30:1800+30"]

1. e4 {[%emt 0:00:03] Yermolinsky,Alex} c5 2. Nf3 d6 3. Bb5+ Nd7 4. d4 cxd4 5. Qxd4 a6 6. Bxd7+ Bxd7 7. Nc3 e5 8. Qd3 {[%emt 0:00:09] B51: Sicilian: Moscow Variation (3 Bb5+) without 3...Bd7.} Rc8 9. Nd2 Be6 10. Nf1 {[%emt 0:07:58] [#] The position is equal.} Bc4 $146 ({Predecessor:} 10... Be7 11. Ne3 Nf6 12. O-O Qc7 13. a4 Qc5 14. Rd1 O-O 15. Bd2 Bd8 16. Nf5 Bxf5 17. exf5 {0-1 (39) Hammer,J (2629)-Svidler,P (2763) Palma de Mallorca 2017 CBM 182 [Yermolinsky,Alex ]}) 11. Qg3 h5 12. Ne3 $1 h4 13. Qf3 Be6 14. h3 Qf6 15. Qxf6 Nxf6 16. Bd2 Be7 17. O-O-O {[%emt 0:06:28] [#]} Rxc3 $1 18. Bxc3 Nxe4 19. Be1 Bg5 $1 20. b3 {[%emt 0:06:09] Against Bc4} d5 {[%emt 0:18:36] Threatens to win with ...d4.} 21. Kb2 Bxe3 22. fxe3 f6 23. a4 Kf7 24. a5 g5 25. Rf1 Kg6 26. Bb4 f5 27. c4 (27. Rg1 $11) 27... dxc4 $17 28. bxc4 Bxc4 29. Rg1 Bb5 {[%emt 0:02:19] Against Rd7. Black is more active.} 30. Rd5 (30. Be7 $17 {keeps fighting.}) 30... Kf6 $19 31. Rgd1 (31. Bd6 $142 Rc8 32. Bb4) 31... Bc6 (31... Be2 $19 {and Black stays clearly on top.} 32. Re1 Ke6 33. Rxe5+ Kxe5 34. Rxe2 Rd8) 32. R5d3 (32. Rd8 $17 Rxd8 33. Rxd8) 32... Re8 (32... g4 $1 $19 33. Rc1 Ke6) 33. Be1 {[%emt 0:00:25] This costs White the game.} (33. Rd8 $17) 33... f4 34. exf4 exf4 35. Ka3 (35. Rd8 $142) 35... Kf5 36. Rd8 $2 (36. Rc1) 36... Rxd8 37. Rxd8 {[%emt 0:00:05][%mdl 4096] Endgame KRB-KBN} Ng3 38. Rf8+ Kg6 39. Rg8+ Kh6 $1 40. Rh8+ Kg7 $1 41. Bc3+ Kf7 $1 42. Rh7+ {[%emt 0:00:00] [#]} Kg6 $1 43. Rg7+ Kh6 44. Rg8 Bxg2 45. Rh8+ Kg6 46. Rg8+ Kf5 47. Rf8+ Ke6 48. Bf6 g4 49. hxg4 h3 {[%emt 0:00:00] White must now prevent ...h2.} 50. g5 h2 51. g6 h1=Q 52. g7 Qc1+ 53. Kb4 Qd2+ 54. Bc3 Qd6+ 55. Kb3 {[%emt 0:00:46] [#]} Bd5+ $1 56. Kb2 {[%emt 0:00:11] Weighted Error Value: White=0.64/Black=0.06 (flawless)} 0-1

[Event "FRA-ch Teams Top 16-B 2022"]
[Site "Chartres"]
[Date "2022.06.11"]
[Round "3.10"]
[White "Solodovnichenko, Yuri"]
[Black "Marcelin, Cyril"]
[Result "1/2-1/2"]
[ECO "B35"]
[WhiteElo "2499"]
[BlackElo "2440"]
[Annotator "TA"]
[PlyCount "106"]
[EventDate "2022.06.09"]
[EventType "team-tourn"]
[EventCountry "FRA"]
[SourceTitle "playchess.com"]
[Source "ChessBase"]
[SourceQuality "1"]
[TimeControl "40/5400+30:1800+30"]

1. e4 c5 2. Nf3 g6 3. d4 cxd4 4. Nxd4 Bg7 5. Nc3 Nc6 6. Be3 Nf6 7. Bc4 O-O 8. Bb3 Re8 {[%emt 0:01:09] B35: Sicilian: Accelerated Dragon with 5 Nc3: main line.} 9. O-O d6 10. h3 Na5 11. Nf3 {[%emt 0:03:11] [#]} Nxb3 $146 ({Predecessor:} 11... b6 12. Re1 Nxb3 13. axb3 Bb7 14. Bg5 a6 15. Qd3 Qc7 16. Rad1 Rac8 17. Re2 b5 {0-1 (65) Valles Moreno,I (2432)-Espinosa Aranda,A (2453) Madrid 2018}) 12. axb3 a6 13. Qd3 Bd7 14. Bd4 Bc6 15. Qe3 Qc8 16. e5 Nd5 17. Nxd5 Bxd5 18. exd6 (18. Ne1 $15) 18... exd6 $17 19. Qc3 Qxc3 20. bxc3 Bxf3 21. gxf3 Rac8 22. Bxg7 Kxg7 {[%emt 0:00:02][%mdl 4096] Endgame KRR-KRR} 23. c4 d5 $1 24. Ra4 dxc4 25. bxc4 Re2 26. Rb1 Rc7 27. c3 Rc2 28. Ra3 (28. Rb3 $17) 28... Rxc4 $19 29. Rxb7 R4xc3 30. Rxc3 Rxc3 {[%emt 0:00:04] KR-KR} 31. Kg2 Rc6 {[%emt 0:07:54] Inhibits Rb6.} (31... a5 $19 32. Ra7 Ra3) 32. Kg3 Kf6 33. Ra7 h5 34. f4 Rc3+ 35. f3 Ra3 (35... Rc6 $19 36. Ra8 Ke6) 36. Rc7 (36. h4 $17 {was worth a try.}) 36... Re3 (36... a5 $19 37. Rc6+ Kf5 38. Rc5+ Ke6 39. f5+ gxf5) 37. Rc5 Ra3 (37... Re1 $17 38. Ra5 Re6) 38. h4 (38. Rc7 $1 $11 {remains equal.}) 38... Ra1 39. Rc6+ {[%emt 0:00:25] [#]} Kg7 $1 40. Rc5 $2 {[%emt 0:00:42] [#]} (40. f5 $17 {was necessary.}) 40... a5 $2 ({Better is} 40... f5 $1 $19 41. Rc7+ Kf6) 41. f5 $15 a4 42. fxg6 a3 ({But not} 42... fxg6 $2 43. Kf4 $19) 43. Kf4 a2 {[%emt 0:00:00] ( -> ...Rd1)} 44. Rc2 $1 fxg6 (44... Kxg6 $15 {was preferrable.} 45. Rc6+ f6) 45. Rd2 {[%emt 0:00:00] The position is equal.} Kf7 46. Rg2 Ke7 47. Kg5 Kf7 48. Kh6 Rh1 49. Rxa2 Rxh4 50. Kg5 Rh3 51. Ra7+ Ke6 52. Ra6+ Kf7 53. Ra7+ Ke6 {[%emt 0:00:06] Weighted Error Value: White=0.21 (precise) /Black=0.19 (very precise)} 1/2-1/2

[Event "FRA-ch Teams Top 16-B 2022"]
[Site "Chartres"]
[Date "2022.06.11"]
[Round "3.11"]
[White "Kulaots, Kaido"]
[Black "Hamitevici, Vladimir"]
[Result "1-0"]
[ECO "B12"]
[WhiteElo "2537"]
[BlackElo "2482"]
[Annotator "TA"]
[PlyCount "79"]
[EventDate "2022.06.09"]
[EventType "team-tourn"]
[EventCountry "FRA"]
[SourceTitle "playchess.com"]
[Source "ChessBase"]
[SourceQuality "1"]
[TimeControl "40/5400+30:1800+30"]

1. e4 c6 2. d4 d5 3. e5 Bf5 4. Nf3 e6 5. Be2 c5 6. Be3 cxd4 7. Nxd4 Ne7 8. Nd2 {[%emt 0:04:02] 8.0-0 injects fresh life into this line. B12: Caro-Kann: Advance Variation.} Nbc6 9. N2f3 Bg4 10. O-O {[%emt 0:01:37] The position is equal.} a6 11. Rc1 Bxf3 12. Nxf3 (12. Bxf3 Nxe5 13. Re1 Qd7 $15) 12... g6 13. c3 Bg7 14. Bf4 h6 {[%emt 0:06:09] [#]} 15. h4 $146 ({Predecessor:} 15. h3 g5 16. Bh2 Ng6 17. Re1 h5 18. Nd4 g4 19. Nxc6 bxc6 20. Qa4 gxh3 21. Qxc6+ Kf8 22. c4 Bh6 23. Rcd1 {½-½ (23) Knittel,M (2198)-Revell,P (2241) ICCF email 2016}) 15... g5 16. hxg5 hxg5 17. Bxg5 Nxe5 (17... Qc7 $11 {is superior.}) 18. g3 N5g6 (18... Qd7 $11) 19. Kg2 (19. c4 $14) 19... f6 20. Bd2 Qd7 21. Qb3 e5 {[%emt 0:04:52][%cal Be6e5,Be5e4][%mdl 32] [#] ( -> ...Qh3+)} 22. Rh1 {[%emt 0:00:28] Prevents Qh3+.} O-O-O $1 23. Qb6 Nc6 24. b4 {[%emt 0:03:53] Active counter play!} f5 25. b5 (25. Bg5 $5 ) 25... axb5 26. Bxb5 e4 27. Ng5 f4 $132 {[%emt 0:00:39][%mdl 2048] Black is not holding back} 28. Rxh8 f3+ 29. Kg1 {[%emt 0:00:05] Bxc6 is the strong threat.} Rxh8 30. c4 Nge5 $2 (30... Bd4 $1 $11 31. Bxc6 Bxb6 32. Bxd7+ Kxd7 33. cxd5 Bxf2+ 34. Kxf2 Rh2+ 35. Ke3 (35. Ke1 Ne5 $17) 35... Re2+ 36. Kd4 Rxd2+ 37. Kxe4 f2) 31. cxd5 (31. Bxc6 $142 Nxc6 32. cxd5 Qxd5 33. Bf4) 31... Qxd5 $18 32. Bf4 {[%emt 0:00:25] White threatens Bxc6 and mate. The board is on fire. A strong pair of Bishops.} Rh6 (32... e3 33. Bxe3 Bf6) 33. Qc5 $2 (33. Qa5 Kb8 34. Qb6 (34. Qa4 Nd4 $16) 34... e3 $18) (33. Bf1 $18 {and White stays clearly on top.}) 33... Qxa2 $2 {[%emt 0:00:52][%mdl 8192] Black cannot hold the game after this.} 34. Nxe4 Qe6 {[%emt 0:00:23] Prevents Nd6+.} 35. Bxh6 (35. Qa7 $2 {[#] gets mated.} Rh1+ $3 36. Kxh1 Qh3+ 37. Kg1 Qg2#) 35... Bxh6 36. Rd1 Qb3 37. Qd5 Qc2 (37... Qxd5 $18 38. Rxd5 Bg7 39. Nd6+ Kb8) 38. Bxc6 {[%emt 0:00:52] White mates.} Nxc6 39. Nc5 Kb8 40. Qd6+ {[%emt 0:00:33] Weighted Error Value: White=0.36/Black=0.55} (40. Nd7+ $142 Kc8 41. Nb6+ Kb8 42. Qd6+ Ka7 43. Nc8+ Ka6 44. Qa3+ Na5 45. Rd6+ Qc6 46. Qd3+ b5 47. Qxf3) 1-0